 Dungeon Crawl Stone Soup version 0.22-a0-389-g8519d86 (webtiles) character file.

9321 Kairos the Slinger (level 11, -10/59 HPs)
             Began as a Vine Stalker Fighter on Apr 30, 2018.
             Was a High Priest of Okawaru.
             Mangled by a two-headed ogre
             ... wielding a +0 giant spiked club
              (15 damage)
             ... on level 11 of the Dungeon.
             The game lasted 00:20:11 (8356 turns).

Kairos the Slinger (Vine Stalker Fighter)           Turns: 8356, Time: 00:20:12

Health: -10/59     AC: 16    Str: 19    XL:     11   Next: 44%
Magic:  0/12       EV:  6    Int:  8    God:    Okawaru [*****.]
Gold:   462        SH: 10    Dex: 17    Spells: 10/10 levels left

rFire    . . .     SeeInvis +   z - +2 flail (drain)
rCold    . . .     Gourm    .   c - +0 shield
rNeg     . . .     Faith    .   y - +0 chain mail {rPois}
rPois    +         Spirit   +   u - +2 helmet
rElec    .         Reflect  .   o - +0 cloak
rCorr    .         Harm     .   (no gloves)
MR       ++...                  E - +1 pair of boots
Stlth    ..........             (no amulet)
HPRegen  0.59/turn              F - ring of protection from magic
MPRegen  0.13/turn              j - ring of see invisible

@: about to teleport
A: fangs 3, regeneration 1, magic shield, antimagic bite, no potion heal 3, rot
immunity
a: Heroism, Finesse, Renounce Religion


You were on level 11 of the Dungeon.
You worshipped Okawaru.
Okawaru was extremely pleased with you.
You were not hungry.

You visited 2 branches of the dungeon, and saw 12 of its levels.

You collected 673 gold pieces.
You spent 211 gold pieces at shops.

Inventory:

Hand Weapons
 a - a +3 war axe
 l - the +0 whip of Moral Flaws {venom, rN+ MR+ Str-4}
   (You found it on level 8 of the Dungeon)

   It poisons the flesh of those it strikes.
   It affects your strength (-4).
   It protects you from negative energy.
   It affects your resistance to hostile enchantments.
 v - the +10 hunting sling "Fogao" {flame, Str+6 Int+3}
   (You found it on level 4 of the Dungeon)

   It causes projectiles fired from it to burn those they strike, causing extra
   injury to most foes and up to half again as much damage against particularly
   susceptible opponents.
   It affects your strength (+6).
   It affects your intelligence (+3).
 z - a +2 flail of draining (weapon)
 B - a +2 broad axe of freezing
Missiles
 w - 125 sling bullets (quivered)
 x - 214 stones
Armour
 c - a +0 shield (worn)
 o - a +0 cloak (worn)
 u - a +2 helmet (worn)
 y - a +0 chain mail of poison resistance (worn)
 E - a +1 pair of boots (worn)
 O - the +2 leather armour of Serendipity {MR+ Str+4 Dex-5 SInv}
   (You found it on level 10 of the Dungeon)

   It affects your strength (+4).
   It affects your dexterity (-5).
   It affects your resistance to hostile enchantments.
   It lets you see invisible.
 Q - a +0 large shield
Jewellery
 j - a ring of see invisible (right hand)
 p - the ring of Erront {Dex+9 SInv, unknown}
   (You found it on level 8 of the Dungeon)

   [ring of see invisible]

   It affects your dexterity (+9).
   It lets you see invisible.
 r - an uncursed ring of protection from magic
 F - a ring of protection from magic (left hand)
Wands
 q - a wand of scattershot (9)
 J - a wand of paralysis (20)
 K - a wand of acid (8)
Scrolls
 b - a scroll of blinking {unknown}
 e - 3 scrolls of identify
 i - 5 scrolls of remove curse
 n - a scroll of enchant armour {unknown}
 s - 3 scrolls of amnesia {unknown}
 A - a scroll of immolation
 C - 4 scrolls of teleportation
 G - a scroll of silence
 H - 5 scrolls of magic mapping
 I - 3 scrolls of fear {unknown}
 L - a scroll of enchant weapon
 M - a scroll of brand weapon {unknown}
 N - a scroll of torment {unknown}
 P - a scroll of random uselessness {unknown}
Potions
 d - a potion of might
 g - 3 potions of resistance
 h - 4 potions of curing
 k - 3 potions of flight
 m - a potion of magic {unknown}
 t - 4 potions of haste {unknown}
 D - 2 potions of lignification {unknown}
Comestibles
 f - 17 rations


   Skills:
 + Level 7.6 Fighting
 + Level 7.2(7.3) Axes
 + Level 1.7(4.8) Maces & Flails
 + Level 9.9 Slings
 + Level 5.7 Armour
 + Level 1.3 Dodging
 + Level 2.2 Stealth
 + Level 5.1 Shields


You had 10 spell levels left.
You didn't know any spells.

Dungeon Overview and Level Annotations

Branches:
Dungeon (11/15)            Temple (1/1) D:5            Lair (0/6) D:11
    Orc (0/2) D:9

Altars:
Ashenzari
Cheibriados
Dithmenos
Elyvilon
Fedhas
Gozag
Hepliaklqana
Kikubaaqudgha
Makhleb
Nemelex Xobeh
Okawaru
Qazlal
Ru
Sif Muna
Trog
Uskayaw
Vehumet
Wu Jian
Xom
Yredelemnul
Zin
The Shining One

Shops:
D:5 (   D:9 %


Innate Abilities, Weirdness & Mutations

You have razor-sharp teeth.
Your natural rate of healing is unusually fast.
When hurt, damage is shared between your health and your magic reserves.
Your bite disrupts and absorbs the magic of your enemies.
Potions cannot restore your health.
You are immune to rotting.


Message History

The two-headed ogre hits you with a giant spiked club!!
The two-headed ogre hits you with a giant club!
* * * LOW HITPOINT WARNING * * *
Wield which item (- for none, * to show all)? (? for menu, Esc to quit)
Your +2 broad axe of freezing stops glowing.
You sense an unholy aura.
z - a +2 flail of draining (weapon)
Your shield and chain mail prevent you from hitting the two-headed ogre.
You bite the two-headed ogre! You drain its power.
You feel invigorated.
The two-headed ogre is heavily wounded.
The two-headed ogre hits you with a giant spiked club!
* * * LOW HITPOINT WARNING * * *
The two-headed ogre hits you with a giant club.
* * * LOW HITPOINT WARNING * * *
As you read the scroll of teleportation, it crumbles to dust.
You feel strangely unstable.
The two-headed ogre hits you with a giant spiked club!
* * * LOW HITPOINT WARNING * * *
The two-headed ogre hits you with a giant club!!
You die...

#....[.....#
#####.###### ##..# #..##
###'########
#..>.......# ###+#######
+..........# #..........
#..........###..........
#..........#.'..@.......
#..........'.#...O......
#..........###..........
#..........# #....<.....
#..^.......# #..........
#..........# #..........
#..........# #..........
#..........# ###########
###########


You could see a two-headed ogre.

Vanquished Creatures
  The ghost of Totori the Spear-Bearer, a journeyman HuWn of Ru (D:9)
  A two-headed ogre (D:11)
  An unseen horror (D:11)
  Pikel (D:5)
  A polar bear (D:9)
  A merfolk (D:9)
  2 hornets
  3 trolls
  A hippogriff (D:11)
  The ghost of azzavlup the Slasher, an amateur DsAK of Lugonu (D:3)
  Menkaure (D:5)
  2 water moccasins
  A black bear (D:7)
  6 ice beasts
  2 orc warriors
  2 phantoms
  6 ogres
  3 wolves (D:11)
  3 centaurs
  A big kobold (D:8)
  4 bullfrogs
  A wyvern zombie (D:7)
  7 scorpions
  7 wights
  4 electric eels
  8 howler monkeys
  2 crimson imps
  2 bullfrog zombies
  6 hounds
  A quasit (D:7)
  A jelly (D:6)
  A centaur skeleton (D:10)
  7 orc priests
  A gnoll shaman (D:7)
  Jessica (D:2)
  An iguana (D:8)
  7 orc wizards
  8 worker ants
  2 bullfrog simulacra (D:9)
  2 worker ant zombies
  A killer bee simulacrum (D:9)
  Robin (D:3)
  8 gnolls
  13 adders
  A white imp (D:9)
  2 ufetubi (D:9)
  An ooze (D:2)
  An adder zombie (D:7)
  A worm (D:4)
  A dart slug (D:1)
  7 leopard geckos
  31 orcs
  8 giant cockroaches
  14 goblins
  12 hobgoblins
  A jackal (D:4)
  4 quokkas
  A ball python (D:2)
  6 bats
  3 frilled lizards
  9 kobolds
  A leopard gecko skeleton (D:8)
  A leopard gecko zombie (D:8)
  A quokka zombie (D:7)
  9 rats
251 creatures vanquished.

Vanquished Creatures (others)
  2 slaves (D:5)
  2 orc priests (D:5)
  2 orc wizards (D:5)
  A bat (D:5)
  A leopard gecko skeleton (D:5)
  16 plants
24 creatures vanquished.

Grand Total: 275 creatures vanquished

Notes
Turn   | Place    | Note
-------+----------+-------------------------------------------
     0 | D:1      | Kairos the Vine Stalker Fighter began the quest for the Orb.
     0 | D:1      | Reached XP level 1. HP: 11/11 MP: 2/2
    32 | D:1      | Reached XP level 2. HP: 16/16 MP: 3/3
   647 | D:2      | Reached XP level 3. HP: 17/20 MP: 4/4
   717 | D:2      | Noticed Jessica
   721 | D:2      | Killed Jessica
   724 | D:2      | Gained mutation: Your natural rate of healing is unusually fast. [Vine Stalker growth]
   724 | D:2      | Reached XP level 4. HP: 17/24 MP: 3/5
   890 | D:2      | Found a snail-covered altar of Cheibriados.
   890 | D:2      | Found a glowing silver altar of Zin.
  1035 | D:2      | Found a shadowy altar of Dithmenos.
  1288 | D:3      | Noticed Robin
  1309 | D:3      | Killed Robin
  1309 | D:3      | Reached skill level 1 in Stealth
  1309 | D:3      | Reached XP level 5. HP: 22/28 MP: 3/6
  1479 | D:3      | Found a faded altar of an unknown god.
  1503 | D:3      | Noticed azzavlup's ghost (amateur DsAK)
  1545 | D:3      | Killed azzavlup's ghost
  1545 | D:3      | Reached XP level 6. HP: 23/32 MP: 4/7
  1933 | D:4      | Got a steaming hunting sling
  1934 | D:4      | Identified the +10 hunting sling "Fogao" {flame, Str+6 Int+3} (You found it on level 4 of the Dungeon)
  2230 | D:4      | Reached XP level 7. HP: 37/37 MP: 8/8
  2275 | D:4      | You fall through a shaft for 2 floors!
  2280 | D:6      | Found an ornate altar of the Wu Jian Council.
  2359 | D:6      | Reached skill level 1 in Slings
  2392 | D:6      | Found a shimmering altar of Xom.
  2489 | D:5      | Entered Level 5 of the Dungeon
  2559 | D:4      | Reached skill level 2 in Slings
  2918 | D:4      | Found a blossoming altar of Fedhas.
  3126 | D:5      | Found Honau's Weapon Emporium.
  3140 | D:5      | Noticed Pikel
  3160 | D:5      | Killed Pikel
  3160 | D:5      | Reached skill level 4 in Slings
  3160 | D:5      | Reached skill level 1 in Dodging
  3160 | D:5      | Gained mutation: You have razor-sharp teeth. [Vine Stalker growth]
  3160 | D:5      | Reached XP level 8. HP: 19/42 MP: 3/9
  3225 | D:5      | Bought a +2 broad axe of freezing for 211 gold pieces
  3389 | D:5      | Reached skill level 5 in Slings
  3419 | D:5      | Found a sparkling altar of Nemelex Xobeh.
  3566 | D:5      | Reached skill level 5 in Fighting
  3578 | D:5      | Noticed Menkaure
  3581 | D:5      | Killed Menkaure
  3663 | D:5      | Found a staircase to the Ecumenical Temple.
  3666 | D:5      | Reached XP level 9. HP: 47/47 MP: 10/10
  3680 | Temple   | Entered the Ecumenical Temple
  3838 | Temple   | Became a worshipper of Warmaster Okawaru
  4337 | D:6      | Found a deep blue altar of Sif Muna.
  4390 | D:6      | Reached skill level 6 in Slings
  4466 | D:6      | Reached skill level 1 in Maces & Flails
  4692 | D:7      | Found a hide-covered altar of Uskayaw.
  4723 | D:7      | Reached * piety under Okawaru
  4762 | D:7      | Reached skill level 5 in Axes
  4764 | D:7      | Reached skill level 7 in Slings
  5412 | D:8      | Noticed a hornet
  5418 | D:8      | Killed a hornet
  5418 | D:8      | Reached ** piety under Okawaru
  5418 | D:8      | Reached XP level 10. HP: 51/53 MP: 11/11
  5634 | D:8      | Got a smoking whip
  5635 | D:8      | Identified the +0 whip of Moral Flaws {venom, rN+ MR+ Str-4} (You found it on level 8 of the Dungeon)
  5768 | D:8      | Got a translucent pewter ring
  6134 | D:9      | Noticed Totori's ghost (journeyman HuWn)
  6139 | D:9      | Reached skill level 8 in Slings
  6144 | D:9      | Killed Totori's ghost
  6144 | D:9      | Reached *** piety under Okawaru
  6312 | D:9      | Found a staircase to the Orcish Mines.
  6369 | D:9      | Reached skill level 9 in Slings
  6485 | D:9      | Found Nischig's Food Emporium.
  6678 | D:9      | Reached **** piety under Okawaru
  6678 | D:9      | Reached skill level 5 in Armour
  7266 | D:10     | Entered Level 10 of the Dungeon
  7324 | D:10     | Reached XP level 11. HP: 32/58 MP: 4/12
  7391 | D:10     | Got a crude leather armour
  7404 | D:10     | Identified the +2 leather armour of Serendipity {MR+ Str+4 Dex-5 SInv} (You found it on level 10 of the Dungeon)
  7559 | D:10     | Found a shattered altar of Ashenzari.
  7943 | D:11     | Noticed a two-headed ogre
  7951 | D:11     | Killed a two-headed ogre
  7951 | D:11     | Received a gift from Okawaru
  7951 | D:11     | Reached ***** piety under Okawaru
  8156 | D:11     | Received a gift from Okawaru
  8169 | D:11     | Found a staircase to the Lair.
  8226 | D:11     | Noticed an unseen horror
  8280 | D:11     | Killed an unseen horror
  8280 | D:11     | Received a gift from Okawaru
  8280 | D:11     | Reached skill level 5 in Shields
  8345 | D:11     | Noticed a two-headed ogre
  8356 | D:11     | Mangled by a two-headed ogre

Vault maps used:
D:1:      dpeg_arrival_rooms_b
D:2:      marbit_many_paths, gammafunk_temple_overflow_elements, uniq_jessica
D:3:      chequers_ecumenical_altar_lobes, uniq_robin
D:4:      nicolae_overflow_crystal_walls, first_ration, gup_sewer_entry_bubbles,
          serial_bayou_pond_b
D:5:      minmay_temple_entry_statues, serial_shops, shop,
          nemelex_spade_bored_becter, uniq_menkaure, uniq_pikel
D:6:      lemuel_blue_sif_altar, hangedman_feature_mirror
D:7:      overflow_temple_1_default
D:9:      erik_orc_3, serial_ice, serial_ice_a, serial_ice_f, serial_ice_h,
          serial_ice_l, serial_ice_o, serial_ice_m, serial_shops, shop,
          hangedman_fish_farm
D:10:     basic_altar
D:11:     erik_lair_island, serial_bayou, serial_bayou_pond_b,
          serial_bayou_shore_a, serial_bayou_pond_e, serial_bayou_lagoon_b
Temple:   eino_temple_rhombus

Skill      XL: |  1  2  3  4  5  6  7  8  9 10 11 |
---------------+----------------------------------+-----
Fighting       | 3 4 5 6 7 |  7.6
Shields        | 3 4 5 |  5.1
Axes           | 2 3 4 6 7 |  7.2
Stealth        | 1 2 |  2.2
Armour         | 3 4 5 |  5.7
Slings         | 4 5 7 9 |  9.9
Dodging        | 1 |  1.3
Maces & Flails | 1 |  1.7

Action                   |  1- 3 |  4- 6 |  7- 9 | 10-12 || total
-------------------------+-------+-------+-------+-------++-------
Melee: War axe           |    69 |    90 |       |       ||   159
       Bite              |     9 |    28 |    16 |    47 ||   100
       Flail             |       |       |     7 |     1 ||     8
       Broad axe         |       |       |    35 |   136 ||   171
       Whip              |       |       |       |     5 ||     5
 Fire: Hunting sling     |       |     3 |   189 |   138 ||   330
  Use: Scroll            |     5 |       |    11 |     1 ||    17
 Stab: Distracted        |       |     1 |       |       ||     1
  Eat: Chunk             |       |     2 |     8 |     4 ||    14
       Ration            |       |     1 |       |     2 ||     3
Armor: Scale mail        |    35 |    32 |     3 |       ||    70
       Chain mail        |       |       |    50 |   112 ||   162
Dodge: Dodged            |    22 |    15 |    22 |    51 ||   110
Block: Shield            |    34 |    54 |    53 |    93 ||   234

Table legend:
 A = Spawn XP
 B = Non-spawn XP
 C = Spawn XP percentage of total XP
 D = Spawn monster count
 E = Non-spawn monster count
 F = Spawn count percentage of total count
 G = Total turns spent on level
                    A         B        C        D         E        F      G
               +---------+---------+-------+---------+---------+-------+---------
         Total |       0 |   13316 |   0.0 |       0 |     251 |   0.0 |  8356
               +---------+---------+-------+---------+---------+-------+---------
           D:1 |       0 |      32 |   0.0 |       0 |      22 |   0.0 |   625
           D:2 |       0 |      93 |   0.0 |       0 |      17 |   0.0 |   560
           D:3 |       0 |     284 |   0.0 |       0 |      25 |   0.0 |   897
           D:4 |       0 |     465 |   0.0 |       0 |      27 |   0.0 |   768
           D:5 |       0 |    1386 |   0.0 |       0 |      21 |   0.0 |   834
           D:6 |       0 |     525 |   0.0 |       0 |      13 |   0.0 |   810
           D:7 |       0 |    1631 |   0.0 |       0 |      35 |   0.0 |   735
           D:8 |       0 |    1132 |   0.0 |       0 |      23 |   0.0 |   724
           D:9 |       0 |    3352 |   0.0 |       0 |      37 |   0.0 |  1138
          D:10 |       0 |    1264 |   0.0 |       0 |      16 |   0.0 |   639
          D:11 |       0 |    3152 |   0.0 |       0 |      15 |   0.0 |   451
               +---------+---------+-------+---------+---------+-------+---------
